 Dungeon Crawl Stone Soup version 0.18.1-5-g4a78601 (webtiles) character file.

704 dracos369 the Spear-Bearer (level 7, -11/51 HPs)
             Began as a Merfolk Skald on May 13, 2016.
             Killed from afar by Erolcha (30 damage)
             ... with a bolt of lightning
             ... on level 8 of the Dungeon.
             The game lasted 00:21:44 (7365 turns).

dracos369 the Spear-Bearer (Merfolk Skald)          Turns: 7365, Time: 00:21:45

Health: -11/51     AC:  4    Str: 12      XL:     7   Next: 66%
Magic:  10/10      EV: 18    Int: 11      God:
Gold:   206        SH:  0    Dex: 18 (21) Spells: 4 memorised, 1 level left

rFire  . . .     SeeInvis .     a - +0 spear
rCold  . . .     Gourm    .     t - +0 animal skin
rNeg   . . .     Faith    .     (no shield)
rPois  .         Spirit   .     u - +0 helmet
rElec  .         Dismiss  .     (no cloak)
rCorr  .         Reflect  .     C - +0 pair of gloves
SustAt .         Harm     .     (no boots)
MR     .....                    F - amulet of magic regeneration
Stlth  ++++......               y - +2 ring of slaying
                                m - ring of stealth

@: agile, very slightly contaminated, not resistant to hostile enchantments,
stealthy
A: change form in water, swift swim
a: no special abilities


You were on level 8 of the Dungeon.
You were not hungry.

You visited 1 branch of the dungeon, and saw 7 of its levels.

You collected 206 gold pieces.

Inventory:

Hand Weapons
 a - a +0 spear (weapon)
Missiles
 B - 2 tomahawks (quivered)
Armour
 t - a +0 animal skin (worn)
 u - a +0 helmet (worn)
 C - a +0 pair of gloves (worn)
Jewellery
 m - a ring of stealth (left hand)
 n - an uncursed ring of stealth
 y - a +2 ring of slaying (right hand)
 A - an uncursed ring of stealth
 F - an amulet of magic regeneration (around neck)
Wands
 j - a wand of enslavement (19/24)
 w - a wand of slowing (25/48)
 G - a wand of random effects (9/48)
Scrolls
 b - 3 scrolls of amnesia
 e - 2 scrolls of identify
 g - 6 scrolls of remove curse
 h - a scroll of noise
 k - a scroll of recharging
 q - 2 scrolls of teleportation {unknown}
 r - 3 scrolls of random uselessness
 v - 2 scrolls of fear {unknown}
 D - a scroll of enchant weapon {unknown}
 H - 2 scrolls of fog {unknown}
 K - a scroll of summoning {unknown}
Potions
 f - 2 potions of agility
 i - 4 potions of curing
 l - 2 potions of magic {unknown}
 s - 2 potions of might {unknown}
 x - 2 potions of brilliance {unknown}
 z - a potion of heal wounds {unknown}
 J - a potion of degeneration {unknown}
Books
 c - a book of Battle

   Spells                             Type                      Level
   a - Infusion                       Charms                       1
   b - Shroud of Golubria             Charms/Translocation         2
   c - Song of Slaying                Charms                       2
   d - Spectral Weapon                Hexes/Charms                 3
   e - Regeneration                   Charms/Necromancy            3
Comestibles
 d - 7 bread rations
 o - 6 meat rations
 p - a beef jerky
 E - 4 fruits
 I - 2 chunks of flesh


   Skills:
 + Level 2.8 Fighting
 * Level 8.8 Polearms
 - Level 0.6 Armour
 + Level 2.1 Dodging
 - Level 2.0 Spellcasting
 + Level 3.2 Hexes
 + Level 5.0 Charms
 + Level 0.4 Necromancy
 - Level 1.0 Translocations


You had one spell level left.
You knew the following spells:

 Your Spells              Type           Power        Failure   Level  Hunger
a - Infusion              Chrm           ##..         3%          1    ##.....
c - Spectral Weapon       Hex/Chrm       ##......     17%         3    ####...
f - Regeneration          Chrm/Necr      #.........   30%         3    ####...
g - Shroud of Golubria    Chrm/Tloc      #.........   14%         2    ###....


Dungeon Overview and Level Annotations

Branches:
Dungeon (6/15)
 Temple: D:4-7

Altars:
Dithmenos
Makhleb

Annotations:
D:6 Eustachio
D:8 Erolcha


Message History

p - a beef jerky
Found 13 gold pieces.
Found a stone staircase leading up.
Erolcha the Cunning comes into view.
She is wielding a giant spiked club.
Erolcha casts a spell at you. You resist with significant effort.
Found 25 stones.
Erolcha gestures at you while chanting.
You suddenly lose the ability to move!
You can move again.
The centaur unwields an uncursed shortbow.
The centaur barely misses you.
Erolcha casts a spell.
Erolcha seems to speed up.
Erolcha points at you and mumbles some strange words.
The magic dart hits you! The centaur completely misses you.
Erolcha casts a spell at you. The bolt of lightning hits you!
Ouch! That really hurt!
You die...

..##...(....######...#####
####..#####...........#
##..## #............
###....## ##...........
###.......# ##..........
##..........# ##W....$...
#...........# #..........
.............# #c....O....
..............##@.#.......
..............#(..##......
.................## #.....
.................# ##.#
.................# ##
................## .......
..#....


You could see Erolcha, a hungry ghost and a centaur.

Vanquished Creatures
  A phantom (D:4)
  A giant frog (D:6)
  A centaur zombie (D:6)
  2 crimson imps
  A giant frog skeleton (D:4)
  A hound (D:5)
  2 iguanas
  Ijyb (D:4)
  2 worker ants (D:4)
  A hound zombie (D:6)
  Robin (D:2)
  8 adders
  A shadow imp (D:5)
  An ooze (D:2)
  An adder skeleton (D:4)
  4 worms
  2 dart slugs
  4 giant geckos
  8 orcs
  2 ball pythons
  4 giant cockroaches
  23 goblins
  12 hobgoblins
  13 jackals
  8 kobolds
  4 quokkas
  A ball python skeleton (D:4)
  11 bats
  A giant gecko skeleton (D:5)
  5 giant newts
  12 rats
  A fungus (D:1)
140 creatures vanquished.

Notes
Turn   | Place    | Note
--------------------------------------------------------------
     0 | D:1      | dracos369 the Merfolk Skald began the quest for the Orb.
     0 | D:1      | Reached XP level 1. HP: 16/16 MP: 3/3
   103 | D:1      | Reached skill level 4 in Polearms
   103 | D:1      | Reached XP level 2. HP: 4/22 MP: 0/5
   106 | D:1      | HP: 1/22 [giant cockroach (1)]
   468 | D:1      | Learned a level 2 spell: Shroud of Golubria
  1026 | D:1      | Reached XP level 3. HP: 27/27 MP: 6/6
  1034 | D:1      | Reached skill level 5 in Polearms
  1042 | D:1      | Learned a level 3 spell: Spectral Weapon
  1686 | D:2      | Reached XP level 4. HP: 20/33 MP: 4/7
  2006 | D:2      | Reached skill level 1 in Hexes
  2264 | D:2      | Noticed Robin
  2727 | D:2      | Killed Robin
  2727 | D:2      | Reached skill level 6 in Polearms
  2727 | D:2      | Reached XP level 5. HP: 21/38 MP: 0/8
  3334 | D:3      | Found a shadowy altar of Dithmenos.
  3759 | D:3      | Found a burning altar of Makhleb.
  4489 | D:4      | Reached skill level 7 in Polearms
  4489 | D:4      | Reached XP level 6. HP: 13/44 MP: 0/9
  4961 | D:4      | Noticed a phantom
  4993 | D:4      | Killed a phantom
  5259 | D:4      | Noticed Ijyb
  5361 | D:4      | Killed Ijyb
  5455 | D:4      | Reached skill level 8 in Polearms
  5625 | D:4      | Learned a level 3 spell: Regeneration
  5659 | D:4      | Reached XP level 7. HP: 47/50 MP: 8/10
  5857 | D:5      | Entered Level 5 of the Dungeon
  6478 | D:6      | Found a shadowy altar of Dithmenos.
  6616 | D:6      | Reached skill level 5 in Charms
  6635 | D:6      | Noticed Eustachio
  7227 | D:6      | Reached skill level 1 in Translocations
  7332 | D:6      | You fall through a shaft for 2 floors!
  7332 | D:8      | Noticed a hungry ghost
  7358 | D:8      | Noticed Erolcha
  7361 | D:8      | Paralysed by Erolcha for 2 turns
  7365 | D:8      | Killed from afar by Erolcha

Skill      XL: |  1  2  3  4  5  6  7 |
---------------+----------------------+-----
Polearms       | 4 5 6 7 8 |  8.8
Hexes          | 1 2 3 |  3.2
Charms         | 4 5 |  5.0
Dodging        | 2 |  2.1
Translocations | 1 |  1.0
Fighting       | |  2.8
Armour         | |  0.6
Spellcasting   | |  2.0
Necromancy     | |  0.4

Action                   |  1- 3 |  4- 6 |  7- 9 || total
-------------------------+-------+-------+-------++-------
Melee: Spear             |   124 |   426 |   103 ||   653
       Tailslap          |       |     3 |       ||     3
Throw: Tomahawk          |       |     5 |     1 ||     6
 Cast: Infusion          |     2 |     9 |     1 ||    12
       Shroud of Golubri |     2 |     3 |     3 ||     8
       Spectral Weapon   |       |     7 |     4 ||    11
  Use: Potion            |       |     1 |     1 ||     2
       Scroll            |       |       |     7 ||     7
 Stab: Sleeping          |     7 |    17 |     2 ||    26
       Distracted        |       |     3 |       ||     3
  Eat: Chunk             |     3 |    14 |     3 ||    20
       Meat ration       |       |       |     1 ||     1
Armor: Leather armour    |    15 |    21 |       ||    36
       Animal skin       |       |    45 |    21 ||    66
Dodge: Dodged            |    44 |   172 |    63 ||   279
